 Seeded DCSS version 0.28-a0-1152-g9c71ebef14 (webtiles) character file.

Game seed: 8055569987141458967 (custom seed)

820 croobank the Chopper (level 7, -1/62 HPs)
             Began as a Minotaur Berserker on Dec 14, 2021.
             Was a Priest of Trog.
             Slain by a water moccasin zombie (6 damage)
             ... on level 5 of the Dungeon.
             The game lasted 00:33:18 (5818 turns).

croobank the Chopper (Minotaur Berserker)           Turns: 5818, Time: 00:33:19

Health: -1/62      AC:  3    Str: 21 (23) XL:     7   Next: 63%
Magic:  6/6        EV: 11    Int:  1 (4)  God:    Trog [***...]
Gold:   180        SH:  0    Dex:  5 (8)  Spells: 6/6 levels left

rFire   x . .      SeeInvis .   a - +0 hand axe
rCold   + . .      Faith    .   (no shield)
rNeg    . . .      Spirit   .   e - +0 leather armour
rPois   .          Reflect  .   (helmet restricted)
rElec   .          Harm     .   (no cloak)
rCorr   .          Rampage  .   (no gloves)
Will    ++...                   (no boots)
Stlth   +.........              (no amulet)
HPRegen 1.20/turn               p - ring of ice
MPRegen 0.10/turn               (no ring)

@: lit by a corona, strong-willed, regenerating, glowing
A: horns 2, retaliatory headbutt, clumsy 1, deterioration 1
a: Renounce Religion, Berserk, Trog's Hand


You were on level 5 of the Dungeon.
You worshipped Trog.
Trog was most pleased with you.
You visited 1 branch of the dungeon, and saw 5 of its levels.

You collected 180 gold pieces.

Inventory:

Hand Weapons
 a - a +0 hand axe (weapon)
 b - a +0 hunting sling
 g - a +1 war axe
Missiles
 i - 3 throwing nets (quivered)
 k - 143 stones
Armour
 e - a +0 leather armour (worn)
 f - a +0 scale mail
 h - a +2 tower shield
 s - a +0 plate armour
Jewellery
 p - a ring of ice (left hand)
Wands
 u - a wand of iceblast (10)
 w - a wand of acid (5)
Scrolls
 c - 2 scrolls of teleportation
 d - 2 scrolls of amnesia
 j - a scroll of fog {fog, unknown}
 n - a scroll of immolation {immolation, unknown}
Potions
 l - a potion of flight {flight, unknown}
 o - a potion of cancellation
 r - a potion of ambrosia
 t - a potion of resistance


   Skills:
 + Level 5.9 Fighting
 + Level 7.2 Axes
 + Level 4.3 Armour
 + Level 4.3 Dodging
 + Level 1.0 Stealth
 * Level 3.0 Shields


You had 6 spell levels left.
You didn't know any spells.
Your spell library contained the following spells:

 Spells                   Type           Power      Damage    Failure   Level
 Summon Small Mammal      Summ           0%         N/A       63%         1
 Call Canine Familiar     Summ           0%         N/A       94%         3
 Summon Guardian Golem    Hex/Summ       0%         N/A       94%         3


Dungeon Overview and Level Annotations

Branches:
Dungeon (5/15)             Temple (0/1) D:4

Altars:

Annotations:
D:5 1 transporter, spaghetti's ghost, weakling FeDe


Innate Abilities, Weirdness & Mutations

You have a pair of horns on your head.
You reflexively headbutt those who attack you in melee.
You are clumsy. (Dex -2)
Your body sometimes deteriorates upon taking damage.


Message History

Okay, then.
As you read the scroll labelled KAUQ HASAA, it crumbles to dust.
It is a scroll of amnesia.
You feel forgetful for a moment. The gnoll shaman barely misses you.
As you read the scroll of teleportation, it crumbles to dust.
You feel strangely unstable.
The gnoll shaman hits you with a +0 whip!
* * * LOW HITPOINT WARNING * * *
Your surroundings suddenly seem different.
Found a viscous silvery potion.
Unknown command.
Unknown command.
Okay, then.
Okay, then.
Your skin crawls.
You feel strong-willed.
The water moccasin zombie bites you but does no damage.
Okay, then.
Okay, then.
You slash the water moccasin zombie!
The water moccasin zombie is moderately damaged.
The water moccasin zombie barely misses you.
You furiously retaliate!
You headbutt the water moccasin zombie.
The water moccasin zombie barely misses you.
You slash the water moccasin zombie!
The water moccasin zombie is heavily damaged.
The water moccasin zombie bites you.
* * * LOW HITPOINT WARNING * * *
You barely miss the water moccasin zombie.
You headbutt the water moccasin zombie!
The water moccasin zombie is severely damaged.
The water moccasin zombie bites you.
* * * LOW HITPOINT WARNING * * *
You slash the water moccasin zombie!
The water moccasin zombie is almost destroyed.
The water moccasin zombie bites you but does no damage.
You hit the water moccasin zombie.
The water moccasin zombie is almost destroyed.
The water moccasin zombie bites you.
You die...

#.########
###
#.........
#.........
#.........
#.........
#.........
#.........
#.........
#@Z.......
#.8.8.......
#...88......
#...88.!....
#...88......
##..########
.... ####


You could see a water moccasin zombie.

Vanquished Creatures
  Prince Ribbit (D:5)
  An ogre (D:5)
  A vampire bat (D:3)
  A bullfrog zombie (D:5)
  3 hounds
  An orc priest (D:4)
  A jelly (D:4)
  Jessica (D:2)
  2 orc wizards (D:2)
  2 hound skeletons
  A howler monkey skeleton (D:4)
  3 gnolls (D:3)
  7 adders
  An adder zombie (D:5)
  An adder skeleton (D:4)
  4 worms
  2 dart slugs (D:1)
  6 orcs
  12 ball pythons
  11 bats
  5 endoplasms
  5 giant cockroaches
  4 goblins
  5 hobgoblins
  11 jackals
  5 kobolds
  A quokka (D:1)
  2 frilled lizards (D:1)
  4 rats
104 creatures vanquished.

Vanquished Creatures (others)
  2 withered plants (D:5)
2 creatures vanquished.

Grand Total: 106 creatures vanquished

Notes
Turn   | Place    | Note
-------+----------+-------------------------------------------
     0 | D:1      | croobank the Minotaur Berserker began the quest for the
                  | Orb.
     0 | D:1      | Reached XP level 1. HP: 19/19 MP: 0/0
    26 | D:1      | Found a faded altar of an unknown god.
    62 | D:1      | Reached XP level 2. HP: 13/27 MP: 1/1
   269 | D:1      | Reached skill level 4 in Axes
   621 | D:1      | Reached ** piety under Trog
   786 | D:1      | Reached XP level 3. HP: 31/33 MP: 2/2
  1327 | D:2      | Noticed Jessica
  1336 | D:2      | Killed Jessica
  1337 | D:2      | Reached XP level 4. HP: 14/41 MP: 3/3
  1693 | D:2      | Reached skill level 5 in Axes
  1694 | D:2      | Reached XP level 5. HP: 14/47 MP: 4/4
  2417 | D:3      | Reached skill level 5 in Fighting
  2939 | D:3      | Reached XP level 6. HP: 43/56 MP: 5/5
  3432 | D:3      | Reached *** piety under Trog
  3547 | D:4      | Reached skill level 1 in Shields
  3942 | D:4      | Reached skill level 6 in Axes
  4378 | D:4      | Found a staircase to the Ecumenical Temple.
  5099 | D:5      | Entered Level 5 of the Dungeon
  5119 | D:5      | Reached XP level 7. HP: 28/61 MP: 6/6
  5283 | D:5      | Noticed Prince Ribbit
  5311 | D:5      | Killed Prince Ribbit
  5312 | D:5      | Reached skill level 7 in Axes
  5312 | D:5      | Gained mutation: Your body sometimes deteriorates upon
                  | taking damage. [potion of mutation]
  5312 | D:5      | Gained mutation: You are clumsy. (Dex -2) [potion of
                  | mutation]
  5615 | D:5      | Noticed spaghetti's ghost (weakling FeDe)
  5633 | D:5      | Found a transporter.
  5688 | D:5      | Reached skill level 1 in Stealth
  5816 | D:5      | HP: 3/62 [water moccasin zombie (3)]
  5818 | D:5      | Slain by a water moccasin zombie

Illustrated notes

Levels and vault maps discovered:
D:1:      arrival_zaba_pyramid, layout_loops_cross, basic_ecumenical_altar
D:2:      layout_basic, kennysheep_generic_room_5, uniq_jessica
D:3:      layout_basic, roderic_batcave
D:4:      layout_layer_cave, minmay_temple_entry_offerings,
          grunt_decor_mini_mirrors, minmay_splitting_lines
D:5:      cheibrodos_fzero, layout_basic, serial_undead, serial_undead_b,
          serial_undead_f, serial_undead_a, serial_undead_c,
          gammafunk_ghost_stat_death, nzn_random_ring, uniq_grinder,
          uniq_prince_ribbit1, uniq_blork_the_orc

Skill      XL: |  1  2  3  4  5  6  7 |
---------------+----------------------+-----
Axes           | 4 5 6 7 |  7.2
Fighting       | 4 5 |  5.9
Dodging        | 3 4 |  4.3
Armour         | 3 4 |  4.3
Shields        | 2 3 |  3.0
Stealth        | 1 |  1.0

Action                   |  1- 3 |  4- 6 |  7- 9 || total
-------------------------+-------+-------+-------++-------
Melee: Hand axe          |    72 |   146 |    37 ||   255
       Headbutt          |    10 |    24 |     4 ||    38
Invok: Trog's Hand       |       |       |     1 ||     1
Evoke: Wand              |       |       |     2 ||     2
  Use: Potion            |       |     3 |     5 ||     8
       Scroll            |       |     5 |     5 ||    10
Armor: Animal skin       |     3 |       |       ||     3
       Leather armour    |    19 |    29 |     7 ||    55
Dodge: Dodged            |    49 |    92 |    14 ||   155

Table legend: (Time is in decaauts)
 A = Elapsed time spent in this place.
 B = Non-inter-level travel time spent in this place.
 C = Inter-level travel time spent in this place.
 D = Time resting spent in this place.
 E = Time spent auto-exploring this place.
 F = Levels seen in this place.
 G = Mean time per level.
                   A        B        C        D        E       F      G
               +--------+--------+--------+--------+--------+-----+--------+
         Total |   5821 |   5655 |    166 |   1303 |   3465 |   5 | 1164.2 |
       Dungeon |   5821 |   5655 |    166 |   1303 |   3465 |   5 | 1164.2 |
               +--------+--------+--------+--------+--------+-----+--------+

Top non-repeatable levels by time:
     D:4: 1586 daAuts
     D:2: 1333 daAuts
     D:3: 1237 daAuts
     D:1: 947 daAuts
     D:5: 716 daAuts
